AoeStats
← Ferhat29

Fortress

507908480Analyzed
4v4 RM · 12d ago on Sep 20, 2026· 42m 56s· 8 players
Game mode
Random Map
Map size
Huge
Population
200
Speed
Normal
Resources
Standard
Victory
Conquest
Starting age
Dark Age
Ending age
Imperial Age
RankedLock teamsTeams togetherTeam positionsShared explorationLock speedFull tech treeHidden civsTurbo modeCheats
Victory
Defeat
🇨🇳 Muisca · China
1043
+13
🇨🇳 Persians · China
1031
+14
🇹🇼 Franks · Taiwan
1031
+14
🇻🇳 Chinese · Vietnam
987
+15
🇮🇳 Sicilians · India
1055
-17
🇫🇷 Britons · France
1046
-17
🇹🇷 Turks · Türkiye
928
-12
🇳🇿 Bohemians · New Zealand
878
-10
jason916802
9:48 Feudal Age
10:38 Double-Bit Axe
13:51 Castle Age
12:58 Gold Mining
13:08 Stone Mining
15:47 Bow Saw
20:41 Loom
21:42 Wheelbarrow
23:45 Hand Cart
25:20 Husbandry
25:48 Scale Barding Armor
26:56 Forging
34:19 Imperial Age
33:57 Iron Casting
33:45 Chain Barding Armor
34:27 Cavalier
36:10 Blast Furnace
35:34 Conscription
36:36 Paladin
38:14 Plate Barding Armor
39:25 Scale Mail Armor
40:26 Town Watch
41:01 Chain Mail Armor
40:37 Fletching
40:48 Padded Archer Armor
40:11 Elite Throwing Axeman
41:11 #83
40:53 Gambesons
40:59 Arson
41:14 Squires
40:35 Man-at-Arms
40:35 Pikeman
41:15 Long Swordsman
41:25 Halberdier
41:50 Two-Handed Swordsman
43:06 Plate Mail Armor
42:30 Champion
43:11 Bodkin Arrow
43:31 Leather Archer Armor
KiuTeaIce
0:52 Loom
8:39 Feudal Age
13:56 Castle Age
12:51 Double-Bit Axe
23:49 Gold Mining
27:14 Imperial Age
25:00 Bow Saw
31:46 Gold Shaft Mining
32:56 Padded Archer Armor
32:47 Fletching
34:46 Elite Chu Ko Nu
37:48 Chemistry
37:53 Two-Man Saw
36:56 Heavy Rocket Cart
38:52 Bodkin Arrow
39:12 Leather Archer Armor
39:45 Ballistics
40:52 Rocketry
43:04 Wheelbarrow
42:14 Town Watch
42:54 Bracer
43:25 Ring Archer Armor
vper1490
7:33 Feudal Age
8:06 Double-Bit Axe
9:05 Horse Collar
11:32 Wheelbarrow
14:23 Castle Age
14:11 Scale Barding Armor
14:17 Forging
14:15 Gold Mining
16:07 Bow Saw
16:49 Husbandry
17:02 Bloodlines
23:27 Chain Barding Armor
27:44 Iron Casting
32:40 Loom
35:50 Imperial Age
36:26 Hand Cart
36:30 Heavy Plow
36:14 Cavalier
36:56 Padded Archer Armor
36:47 Fletching
37:32 Plate Barding Armor
37:26 Thumb Ring
37:38 Town Watch
38:09 Leather Archer Armor
38:57 Blast Furnace
38:37 Gold Shaft Mining
40:47 Chemistry
40:07 Ballistics
39:49 Town Patrol
40:21 Crop Rotation
40:54 Two-Man Saw
40:12 Spies/Treason
41:54 Parthian Tactics
41:27 Heavy Cavalry Archer
42:04 Bodkin Arrow
Delete game
7:50 Feudal Age
8:38 Double-Bit Axe
8:34 Horse Collar
10:00 Loom
13:24 Castle Age
15:44 Heavy Plow
15:54 Bow Saw
16:05 Bow Saw
18:50 Gold Mining
18:50 Stone Mining
20:53 Town Watch
21:46 Wheelbarrow
24:16 Squires
23:36 Pikeman
27:39 Imperial Age
25:25 Padded Archer Armor
25:16 Fletching
25:45 Thumb Ring
25:39 Crossbowman
26:41 Leather Archer Armor
27:25 Bodkin Arrow
28:58 Ballistics
28:20 Arbalester
29:03 Bracer
30:49 Conscription
30:50 Hand Cart
33:15 Town Patrol
34:20 Two-Man Saw
33:50 Crop Rotation
33:10 Capped Ram
33:40 Elite Skirmisher
35:49 Herbalism
36:10 Elite Temple Guard
36:53 Scale Mail Armor
37:04 Forging
36:39 Treadmill Crane
37:09 Masonry
37:04 Siege Engineers
36:55 Murder Holes
38:01 Chemistry
39:32 Huaracas
41:08 Chain Mail Armor
41:28 Iron Casting
roadclosed1
4:27 Loom
9:56 Feudal Age
11:26 Wheelbarrow
11:00 Double-Bit Axe
10:57 Horse Collar
11:41 Town Watch
12:22 Scale Mail Armor
13:41 Forging
15:54 Castle Age
15:18 Arson
17:02 Hand Cart
16:10 Pikeman
16:54 Squires
17:13 Chain Mail Armor
17:33 Iron Casting
18:43 Bow Saw
19:50 Town Patrol
20:15 Fletching
21:08 Iron Casting
divyam_10
7:25 Feudal Age
10:21 Horse Collar
11:32 Loom
14:09 Castle Age
12:37 Double-Bit Axe
15:23 Bow Saw
15:15 Heavy Plow
20:19 Gold Mining
20:27 Stone Mining
20:39 Gambesons
23:07 Wheelbarrow
22:18 Town Watch
23:34 Forging
23:25 Scale Mail Armor
24:02 Fletching
24:53 Murder Holes
26:44 Iron Casting
30:29 Pikeman
34:02 Imperial Age
33:33 Chain Mail Armor
38:24 Blast Furnace
39:00 Hand Cart
Ferhat29
8:15 Feudal Age
6:37 Loom
8:22 Feudal Age
11:46 Double-Bit Axe
15:07 Castle Age
13:29 Gold Mining
16:16 Bow Saw
20:54 Imperial Age
21:31 Gold Shaft Mining
22:07 Conscription
22:40 Wheelbarrow
22:13 Town Watch
23:28 Padded Archer Armor
25:45 Ballistics
26:37 Hand Cart
ravi0licru
5:46 Loom
8:07 Feudal Age
10:29 Double-Bit Axe
12:46 Castle Age
11:08 Gold Mining
11:46 Fletching
11:52 Horse Collar
12:27 Town Watch
13:56 Bodkin Arrow
15:38 Ballistics
15:25 Padded Archer Armor
19:27 Leather Archer Armor
23:53 Bow Saw
26:28 Imperial Age
24:57 Stone Mining
26:31 Wheelbarrow
29:05 Chemistry
31:41 Conscription
35:05 Gold Shaft Mining
Connection lost

Rejoining the realm…

Still unreachable

The connection could not be restored.

Session expired

The server has moved on; the page needs a fresh start.